 Dungeon Crawl Stone Soup version 0.29.1-2-gbd0b4ee654 (webtiles) character file.

Game seed: 17375955913555193190

1542 xian the Cleaver (level 8, -7/70 HPs)
             Began as a Hill Orc Fighter on Nov 8, 2022.
             Mangled by a yak (9 damage)
             ... on level 5 of the Dungeon.
             The game lasted 00:11:16 (3822 turns).

xian the Cleaver (Hill Orc Fighter)                 Turns: 3822, Time: 00:11:16

Health: -7/70      AC:  7    Str: 21    XL:     8   Next: 87%
Magic:  8/8        EV:  9    Int:  8    God:
Gold:   136        SH:  4    Dex: 10    Spells: 7/7 levels left

rFire   + . .      SeeInvis .   a - +0 war axe
rCold   x . .      Faith    .   c - +0 buckler
rNeg    . . .      Spirit   .   b - +0 scale mail
rPois   .          Reflect  .   (no helmet)
rElec   .          Harm     .   (no cloak)
rCorr   .          Rampage  .   (no gloves)
Will    .....                   (no boots)
Stlth   ..........              (no amulet)
HPRegen 0.21/turn               o - ring of fire
MPRegen 0.11/turn               t - ring of wizardry

@: mighty, brilliant, attractive, flying, studying Ranged Weapons
A: no striking features
a: no special abilities


You were on level 5 of the Dungeon.
You visited 1 branch of the dungeon, and saw 5 of its levels.

You collected 136 gold pieces.

Inventory:

Hand Weapons
 a - a +0 war axe (weapon)
Missiles
 n - 3 atropa-tipped darts
 q - 6 poisoned darts (quivered)
 r - 5 datura-tipped darts
 w - 2 boomerangs
Armour
 b - a +0 scale mail (worn)
 c - a +0 buckler (worn)
 z - an orb of mayhem
Jewellery
 o - a ring of fire (left hand)
 t - a ring of wizardry (right hand)
Wands
 i - a wand of iceblast (11)
 s - a wand of flame (25)
 B - a wand of mindburst (33)
Scrolls
 e - 2 scrolls of fear {unknown}
 g - a scroll of silence {unknown}
 h - 3 scrolls of amnesia
 j - a scroll of blinking
 k - a scroll of summoning
 p - 3 scrolls of teleportation {unknown}
 u - 2 scrolls of magic mapping {unknown}
 v - 2 scrolls of fog
 y - 2 scrolls of enchant armour
Potions
 d - 2 potions of might
 l - 2 potions of brilliance
 m - a potion of flight
 A - a potion of magic {unknown}


   Skills:
 + Level 5.8 Fighting
 + Level 9.6 Axes
 + Level 3.4 Throwing
 + Level 5.9 Armour
 + Level 1.5 Dodging
 + Level 0.4 Stealth
 + Level 4.6 Shields


You had 7 spell levels left.
You didn't know any spells.
Your spell library contained the following spells:

 Spells                   Type           Power      Damage    Failure   Level
 Shock                    Conj/Air       0%         1d3       47%         1
 Swiftness                Air            0%         N/A       83%         3
 Airstrike                Air            0%         2d(0-16)  99%         4


Dungeon Overview and Level Annotations

Branches:
Dungeon (5/15)
 Temple: D:4-7

Altars:
Fedhas
Qazlal
Uskayaw


Message History

The yak is severely wounded.
The yak gores you!
* * * LOW HITPOINT WARNING * * *
Unknown command.
You hit the yak.
The yak is almost dead.
The yak barely misses you.
Unknown command.
You hit the yak.
The yak is almost dead.
The yak gores you.
* * * LOW HITPOINT WARNING * * *
Unknown command.
You slash the yak!
You kill the yak!
Unknown command.
You slice the yak!!
The yak is severely wounded.
You block the yak's attack.
Unknown command.
You barely miss the yak.
The yak is severely wounded.
The yak completely misses you.
Unknown command.
You hit the yak.
The yak is almost dead.
The yak gores you!
* * * LOW HITPOINT WARNING * * *
Unknown command.
You barely miss the yak.
The yak is almost dead.
The yak gores you.
* * * LOW HITPOINT WARNING * * *
You hit the yak.
The yak is almost dead.
The yak completely misses you.
It was a potion of attraction.
You feel attractive to monsters. The yak gores you!
You die...

.##### ......... ..#
.#.#...#$# #.# ......?
...#.# ........ .....
##.#.# #.#.#.# #
###.#.#.# #
........########### #
###.#.....†@YSY(((#
####......?..#########.#
.......#.#.#..# ....
######.. #.##.# #..#.#
######.# # #.# #.Y#.#
........ #.# .Y.. #
######.# #.# #.$.
#...##.# #.# #... .#
#.#.# #.#


You could see 2 yaks and an adder.

Vanquished Creatures
  Pikel (D:4)
  Sigmund (D:5)
  3 yaks (D:5)
  An ogre (D:5)
  A phantom (D:4)
  A scorpion (D:5)
  An orc priest (D:4)
  2 iguanas
  2 orc wizards (D:2)
  4 adders
  A worm (D:2)
  2 dart slugs
  8 orcs
  5 ball pythons
  5 endoplasms
  2 giant cockroaches
  16 goblins
  10 hobgoblins
  7 jackals
  11 kobolds
  2 quokkas
  9 bats
  6 rats
101 creatures vanquished.

Vanquished Creatures (others)
  Robin (D:4)
1 creature vanquished.

Grand Total: 102 creatures vanquished

Notes
Turn   | Place    | Note
-------+----------+-------------------------------------------
     0 | D:1      | xian the Hill Orc Fighter began the quest for the Orb.
     0 | D:1      | Reached XP level 1. HP: 19/19 MP: 1/1
   213 | D:1      | Reached XP level 2. HP: 27/27 MP: 2/2
   362 | D:1      | Reached skill level 3 in Axes
   530 | D:1      | You fall into a shaft and drop 1 floor!
   730 | D:2      | Reached XP level 3. HP: 29/33 MP: 3/3
  1529 | D:3      | Reached XP level 4. HP: 36/40 MP: 4/4
  1732 | D:3      | Reached skill level 4 in Axes
  2237 | D:2      | Reached skill level 1 in Throwing
  2237 | D:2      | Reached XP level 5. HP: 26/47 MP: 5/5
  2603 | D:4      | Noticed Robin
  2620 | D:4      | Killed Robin
  2739 | D:4      | Found a hide-covered altar of Uskayaw.
  2754 | D:4      | Found a stormy altar of Qazlal.
  2760 | D:4      | Found a blossoming altar of Fedhas.
  2867 | D:4      | Noticed a phantom
  2884 | D:4      | Killed a phantom
  2885 | D:4      | Reached skill level 5 in Axes
  2885 | D:4      | Reached XP level 6. HP: 42/53 MP: 6/6
  2989 | D:4      | Noticed Pikel
  3012 | D:4      | Killed Pikel
  3013 | D:4      | Reached skill level 5 in Fighting
  3013 | D:4      | Reached skill level 7 in Axes
  3013 | D:4      | Reached skill level 5 in Armour
  3013 | D:4      | Reached skill level 1 in Dodging
  3013 | D:4      | Reached XP level 7. HP: 21/61 MP: 7/7
  3529 | D:5      | Entered Level 5 of the Dungeon
  3529 | D:5      | Noticed Sigmund
  3545 | D:5      | Reached XP level 8. HP: 37/68 MP: 8/8
  3547 | D:5      | Killed Sigmund
  3548 | D:5      | Reached skill level 8 in Axes
  3785 | D:5      | Noticed a yak
  3786 | D:5      | Noticed a yak
  3786 | D:5      | Noticed a yak
  3786 | D:5      | Noticed a yak
  3786 | D:5      | Noticed a yak
  3787 | D:5      | Noticed a yak
  3800 | D:5      | Killed a yak
  3801 | D:5      | Reached skill level 9 in Axes
  3804 | D:5      | Killed a yak
  3816 | D:5      | Killed a yak
  3820 | D:5      | HP: 2/70 [yak (4)]
  3822 | D:5      | Mangled by a yak

Illustrated notes

Levels and vault maps discovered:
D:1:      wander_arrival_desolate, layout_loops_cross
D:2:      layout_loops_ring
D:3:      layout_rooms, minmay_goblin_outpost
D:4:      layout_basic, grunt_temple_overflow_forces_of_nature,
          mainiacjoe_overflow_alcove_1, uniq_robin, uniq_pikel
D:5:      minmay_evil_eye, layout_loops_ring, minmay_temple_entry_slanted,
          serial_shops, kennysheep_mini, uniq_sigmund

Skill      XL: |  1  2  3  4  5  6  7  8 |
---------------+-------------------------+-----
Axes           | 3 4 5 7 9 |  9.6
Fighting       | 4 5 |  5.8
Armour         | 4 5 |  5.9
Throwing       | 1 2 3 |  3.4
Shields        | 4 |  4.6
Dodging        | 1 |  1.5
Stealth        | |  0.4

Action                   |  1- 3 |  4- 6 |  7- 9 || total
-------------------------+-------+-------+-------++-------
Melee: War axe           |   122 |   104 |    47 ||   273
Throw: Boomerang         |       |    31 |     2 ||    33
       Dart              |       |     1 |    17 ||    18
  Use: Scroll            |       |     6 |     1 ||     7
       Potion            |       |     1 |     5 ||     6
Armor: Scale mail        |    76 |    62 |    12 ||   150
Dodge: Dodged            |    84 |    52 |    17 ||   153
Block: Buckler           |    39 |    21 |    12 ||    72
